 Dungeon Crawl Stone Soup version 0.30.0-10-gfe55d96785 (webtiles) character file.

Game seed: 4482450586064497587

2 dialectric the Sneak (level 1, 0/19 HPs)
             Began as a Meteoran Delver on May 14, 2023.
             Succumbed to a kobold's poison
             ... on level 7 of the Dungeon.
             The game lasted 00:00:35 (85 turns).

dialectric the Sneak (Meteoran Delver)                Turns: 85, Time: 00:00:35

Health: 0/19       AC:  3    Str: 13    XL:     1   Next: 57%
Magic:  2/2        EV: 12    Int: 11    God:
Gold:   22         SH:  0    Dex: 15    Spells: 0/0 levels left

rFire   . . .        a - +0 falchion
rCold   . . .        (no shield)
rNeg    . . .        b - +0 leather armour
rPois   .            (no helmet)
rElec   .            (no cloak)
rCorr   .            (no gloves)
SInv    .            (no boots)
Will    .....        (no amulet)
Stlth   +            (no ring)
HPRegen 0.23/turn    (no ring)
MPRegen 0.08/turn

%: no passive effects
@: lethally poisoned (0 -> -6), hasted (expiring), glowing, very quick
A: sense surroundings 1, otherworldly, glowing, explore regen
a: no special abilities


You were on level 7 of the Dungeon.
You visited 1 branch of the dungeon, and saw 3 of its levels.

You collected 22 gold pieces.

Inventory:

Hand Weapons
 a - a +0 falchion (weapon)
Armour
 b - a +0 leather armour (worn)
Wands
 g - a wand of digging (2)
Scrolls
 c - a scroll of fog
 d - a scroll of magic mapping
 e - a scroll of fear


   Skills:
 + Level 3.2 Fighting
 + Level 2.7 Long Blades
 + Level 2.4 Dodging
 + Level 3.7 Stealth


You couldn't memorise any spells.
You didn't know any spells.
Your spell library was empty.

Dungeon Overview and Level Annotations

Branches:
Dungeon (7/15) Zot: 1731
 Temple: D:4-7

Altars:


Innate Abilities, Weirdness & Mutations

You passively map a small area around you.
You are easily found by Zot.
You glow in the dark.
You regain HP and MP as you explore.


Message History

The kobold completely misses you.
You hit the kobold.
You kill the kobold!
Aiming: Dig
Press: ? - help, Shift-Dir - straight line A rock wall.
The rock shatters into small pieces.
A shadow imp comes into view.
The shadow imp shouts, "Remove thy stench, thou obnoxious fool-headed lewdster!"
A kobold comes into view.
It is wielding a +0 whip and quivering poisoned darts.
You hear a shout!
The kobold throws a poisoned dart.
The poisoned dart closely misses you.
The poisoned dart hits the kobold!
The kobold is poisoned.
The kobold brigand throws a poisoned dart.
The poisoned dart hits you!
You are poisoned.
A kobold comes into view. It is wielding a +0 short sword.
You feel sick.
The kobold shouts!
The kobold hits you but does no damage. The shadow imp hits you.
You feel sick.
The kobold dies!
The kobold hits you but does no damage. The shadow imp gestures at you.
Pain shoots through your body!
You feel sick.
You feel sick. The kobold misses you.
You feel sick.
Your extra speed is starting to run out.
You feel sick.
You are no longer poisoned.
The kobold throws a poisoned dart.
The poisoned dart hits you!
You are lethally poisoned!
* * * LOW HITPOINT WARNING * * *
You feel sick.
Found a quarterstaff.
* * * LOW HITPOINT WARNING * * *
You feel sick.
The shadow imp grins evilly.
You die...

######### ##...#...##
##.K.......## , *
.).######...........#
.......@..5K........#
#.#######...KK......#
, ,
.......g.....##*## ,
,
,....##...#...####..
, ,
,......[...#)####....
,,
###..#.##.))...#.##.
~ ,
#.##....####...<.. ,
,, ####........#.. ,
###.#...#...


You could see a kobold brigand, a gnoll, a shadow imp and 3 kobolds.

Vanquished Creatures
  3 kobolds (D:7)
3 creatures vanquished.

Vanquished Creatures (others)
  A scorpion (D:5)
  A kobold (D:7)
2 creatures vanquished.

Grand Total: 5 creatures vanquished

Notes
Turn   | Place    | Note
-------+----------+-------------------------------------------
     0 | D:5      | dialectric the Meteoran Delver began the quest for the Orb.
     0 | D:5      | Reached XP level 1. HP: 19/19 MP: 2/2
     9 | D:5      | Killed a scorpion
    22 | D:5      | Noticed an orc wizard
    27 | D:5      | Noticed a jelly
    53 | D:6      | Noticed an ice beast
    65 | D:7      | Noticed a kobold brigand
    85 | D:7      | Succumbed to a kobold's poison

Illustrated notes

Levels and vault maps discovered:
D:5:      layout_basic, nicolae_kikubaaqudgha_miasma_corner, elyvilon_altar_1,
          grunt_decor_cap
D:6:      layout_layer_cave, minmay_temple_entry_statues_fountains,
          gammafunk_ghost_abyssal_escape, uniq_menkaure, uniq_prince_ribbit1
D:7:      layout_rooms, enter_bailey_5, serial_park_tiny_pond, uniq_maggie

Action                     || total
---------------------------++-------
  Melee: Falchion          ||    12
  Evoke: Wand              ||     1
    Use: Potion            ||     1
 Armour: Leather armour    ||     6
  Dodge: Dodged            ||     3
